 Dungeon Crawl Stone Soup version 0.25.1-4-g9407a263a5 (webtiles) character file.

Game seed: 7956033861493560320

149 Gabide the Poker (level 5, -3/41 HPs)
             Began as a Human Fighter on Nov 27, 2020.
             Was a Follower of Zin.
             Slain by an ogre
             ... wielding a +0 giant club
              (22 damage)
             ... on level 4 of the Dungeon.
             The game lasted 00:04:59 (3161 turns).

Gabide the Poker (Human Fighter)                    Turns: 3161, Time: 00:05:00

Health: -3/41      AC: 10    Str: 17    XL:     5   Next: 56%
Magic:  5/5        EV:  7    Int:  8    God:    Zin [*.....]
Gold:   95         SH: 14    Dex: 13    Spells: 4/4 levels left

rFire    . . .     SeeInvis .   a - +1 trident
rCold    . . .     Gourm    .   c - +0 kite shield
rNeg     . . .     Faith    .   b - +0 scale mail
rPois    .         Spirit   .   (no helmet)
rElec    .         Reflect  +   (no cloak)
rCorr    .         Harm     .   (no gloves)
MR       .....                  (no boots)
Stlth    ..........             m - amulet of reflection
HPRegen  0.13/turn              j - +4 ring of protection
MPRegen  0.09/turn              (no ring)

@: mighty
A: no striking features
a: Recite, Donate Gold, Renounce Religion


You were on level 4 of the Dungeon.
You worshipped Zin.
Zin was aware of your devotion.
You were near starving.

You visited 1 branch of the dungeon, and saw 4 of its levels.

You collected 105 gold pieces.
You donated 10 gold pieces to Zin.

Inventory:

Hand Weapons
 a - a +1 trident (weapon)
Missiles
 h - 59 stones (quivered)
Armour
 b - a +0 scale mail (worn)
 c - a +0 kite shield (worn)
Jewellery
 j - a +4 ring of protection (left hand)
 k - an uncursed amulet of magic regeneration {unknown}
 l - an uncursed amulet of the acrobat
 m - an amulet of reflection (around neck)
Scrolls
 g - a scroll of noise {unknown}
 p - a scroll of magic mapping {unknown}
 q - a scroll of random uselessness {unknown}
Potions
 e - 3 potions of brilliance
 i - 2 potions of heal wounds {unknown}
 n - a potion of stabbing {unknown}
Comestibles
 f - a ration


   Skills:
 + Level 3.3 Fighting
 * Level 4.0 Polearms
 + Level 3.4 Armour
 + Level 1.5 Dodging
 + Level 3.4 Shields


You had 4 spell levels left.
You didn't know any spells.
Your spell library was empty.

Dungeon Overview and Level Annotations

Branches:
Dungeon (4/15)
 Temple: D:4-7

Altars:
Ashenzari
Hepliaklqana
Okawaru
Zin

Annotations:
D:4 1 runed translucent door, Crazy Yiuf


Message History

The ogre hits you with a +0 giant club!
You barely miss the ogre.
The ogre is lightly wounded.
You closely miss the ogre.
The ogre is lightly wounded.
The ogre hits you with a +0 giant club!
You puncture the ogre!
The ogre is heavily wounded.
You block the ogre's attack.
Press: ? - help, v - describe, . - travel
Here: an ogre, wielding a +0 giant club (heavily wounded)
The floor, spattered with blood.
Press: ? - help, v - describe, . - travel
Here: an ogre, wielding a +0 giant club (heavily wounded)
The floor, spattered with blood.
You puncture the ogre!
The ogre is almost dead.
The ogre hits you with a +0 giant club!!
Ouch! That really hurt!
You die...

#.# #.# #.#
#.###.#####
#<........# #
...###.###.# .# #.#
#.##.## #.# #.#...#
#.# #.@O# #.# #####
#.# #.# ######## ##.#
##....#.### ###
#..###......#..##...#
#.###....P.####.+...#
#........P## ###..)#
#..######## ###


You could see an ogre.

Vanquished Creatures
  A worker ant (D:2)
  Robin (D:3)
  2 adders
  A shadow imp (D:3)
  4 worms
  2 dart slugs
  3 leopard geckos
  5 giant cockroaches
  7 goblins
  10 hobgoblins
  7 kobolds
  A quokka (D:3)
  2 ball pythons (D:1)
  9 bats
  5 frilled lizards
  8 rats
68 creatures vanquished.

Notes
Turn   | Place    | Note
-------+----------+-------------------------------------------
     0 | D:1      | Gabide the Human Fighter began the quest for the Orb.
     0 | D:1      | Reached XP level 1. HP: 18/18 MP: 1/1
    53 | D:1      | Reached XP level 2. HP: 11/24 MP: 2/2
   489 | D:1      | Reached XP level 3. HP: 28/29 MP: 3/3
   992 | D:2      | Reached skill level 3 in Polearms
  1081 | D:2      | Reached XP level 4. HP: 30/35 MP: 4/4
  1337 | D:2      | Found a glowing silver altar of Zin.
  1340 | D:2      | Became a worshipper of Zin the Law-Giver
  1592 | D:2      | Reached skill level 1 in Dodging
  2013 | D:3      | Reached XP level 5. HP: 31/41 MP: 5/5
  2202 | D:3      | Found a hazy altar of Hepliaklqana.
  2202 | D:3      | Found an iron altar of Okawaru.
  2530 | D:3      | Reached * piety under Zin
  2751 | D:3      | Found a shattered altar of Ashenzari.
  2762 | D:3      | Noticed Robin
  2768 | D:3      | Killed Robin
  2768 | D:3      | Reached skill level 4 in Polearms
  3122 | D:4      | Found a runed translucent door.
  3123 | D:4      | Noticed Crazy Yiuf
  3155 | D:4      | Noticed an ogre
  3161 | D:4      | Slain by an ogre

Illustrated notes

Levels and vault maps discovered:
D:1:      sevenhm_arrival_forest_fort_small_4, layout_loops_cross
D:2:      layout_loops_ring, zin_statuary
D:3:      layout_loops_corners, marbit_many_paths, minitemple, uniq_robin
D:4:      layout_loops_ring, lemuel_coloured_pillars_altar, first_ration,
          serial_shops, shop, nicolae_shop_overgrown_old_shop, shop, shop, shop,
          uniq_crazy_yiuf_cottage

Skill      XL: |  1  2  3  4  5 |
---------------+----------------+-----
Polearms       | 3 4 |  4.0
Dodging        | 1 |  1.5
Fighting       | |  3.3
Armour         | |  3.4
Shields        | |  3.4

Action                   |  1- 3 |  4- 6 || total
-------------------------+-------+-------++-------
Melee: Trident           |   135 |   137 ||   272
Throw: Stone             |     1 |       ||     1
  Use: Scroll            |     5 |     2 ||     7
       Potion            |       |     1 ||     1
  Eat: Chunk             |     1 |     5 ||     6
Armor: Scale mail        |    39 |    38 ||    77
Dodge: Dodged            |    33 |    16 ||    49
Block: Kite shield       |    60 |    57 ||   117
